 Dungeon Crawl Stone Soup version 0.29.1-2-gbd0b4ee654 (webtiles) character file.

Game seed: 11501080637940058882

3 cdecastro the Ruffian (level 1, 0/18 HPs)
             Began as a Naga Transmuter on Nov 5, 2022.
             Slain by a rat (1 damage)
             ... on level 1 of the Dungeon.
             The game lasted 00:00:30 (366 turns).

cdecastro the Ruffian (Naga Transmuter)              Turns: 366, Time: 00:00:31

Health: 0/18       AC:  1    Str: 12    XL:     1   Next: 50%
Magic:  2/3        EV:  9    Int: 13    God:
Gold:   10         SH:  0    Dex: 11    Spells: 3/4 levels left

rFire   . . .      SeeInvis +     - Unarmed
rCold   . . .      Faith    .   (no shield)
rNeg    . . .      Spirit   .   a - +0 robe
rPois   +          Reflect  .   (helmet currently unavailable)
rElec   .          Harm     .   (no cloak)
rCorr   .          Rampage  .   (no gloves)
Will    .....                   (no barding)
Stlth   +.........              (no amulet)
HPRegen 0.06/turn               (no ring)
MPRegen 0.08/turn               (no ring)

@: appendages, very slow
A: horns 2, AC +0, large, see invisible, deformed body, poison resistance,
slowness 2, spit poison 1, naga tail 1
a: Spit Poison, End Transformation


You were on level 1 of the Dungeon.
You had temporarily grown beastly horns.
You visited 1 branch of the dungeon, and saw 1 of its levels.

You collected 10 gold pieces.

Inventory:

Missiles
 c - 2 javelins
Armour
 a - a +0 robe (worn)
Potions
 b - a potion of lignification


   Skills:
 - Level 1.0 Fighting
 - Level 1.5 Dodging
 + Level 0.7 Stealth
 - Level 3.0 Unarmed Combat
 - Level 2.0 Spellcasting
 * Level 2.2 Transmutations


You had 3 spell levels left.
You knew the following spells:

 Your Spells              Type           Power      Damage    Failure   Level
a - Beastly Appendage     Tmut           14%        N/A       11%         1

Your spell library contained the following spells:

 Spells                   Type           Power      Damage    Failure   Level
 Wereblood                Tmut           7%         N/A       16%         2
 Spider Form              Tmut/Pois      4%         N/A       43%         3
 Ice Form                 Ice/Tmut       4%         N/A       85%         4


Dungeon Overview and Level Annotations

Branches:
Dungeon (1/15)

Altars:


Innate Abilities, Weirdness & Mutations

You have temporarily grown beastly horns.
Your serpentine skin is tough. (AC +0)
You have supernaturally acute eyesight. (SInv)
Armour fits poorly on your strangely shaped body.
Your system is resistant to poisons. (rPois)
You cover ground very slowly.
You can spit poison.
You have a snake-like lower body.


Message History

The goblin hits you with a +0 club.
You barely miss the goblin. Your headbutt misses the goblin.
The goblin is heavily wounded.
Your transformation is almost over.
The goblin closely misses you.
You miss the goblin. Your punch misses the goblin.
The goblin is heavily wounded.
The goblin closely misses you.
You completely miss the goblin. Your headbutt misses the goblin.
The goblin is heavily wounded.
The goblin hits you with a +0 club.
* * * LOW HITPOINT WARNING * * *
You barely miss the goblin. You headbutt the goblin.
You kill the goblin!
A rat comes into view.
You see here a +0 club.
A rat is nearby!
You see here a +0 club.
Your horns disappear.
The rat bites you.
* * * LOW HITPOINT WARNING * * *
You closely miss the rat. The rat misses you.
You barely miss the rat. The rat bites you.
* * * LOW HITPOINT WARNING * * *
You hit the rat but do no damage. The rat bites you.
* * * LOW HITPOINT WARNING * * *
You barely miss the rat. The rat closely misses you.
You hit the rat but do no damage. The rat closely misses you.
You hit the rat but do no damage. The rat bites you.
* * * LOW HITPOINT WARNING * * *
Casting: Beastly Appendage (safe; 11% risk of failure)
Press: ? - help, Q - select action, (/) - cycle Dir - look around, f - activate You grow a pair of large bovine horns.
The rat bites you.
* * * LOW HITPOINT WARNING * * *
Unknown command.
You closely miss the rat. You headbutt the rat, but do no damage.
The rat barely misses you.
You closely miss the rat. The rat bites you.
You die...

.♣.........#
...♣P......#
#.............# ##...
.........# #...+
#.......# #...+
+.......# #
#...####r.....###.# #.
#...#..@..).......#
...##...#.#############
.>............#
#####...#.....#
+...#.....# ########
#...#.....# ####.......
#...#.....####..........
#...#######..........♣♣♣
#...# ##......♣♣♣♣♣♣


You could see a rat.

Vanquished Creatures
  A goblin (D:1)
  A hobgoblin (D:1)
  A frilled lizard (D:1)
3 creatures vanquished.

Notes
Turn   | Place    | Note
-------+----------+-------------------------------------------
     0 | D:1      | cdecastro the Naga Transmuter began the quest for the Orb.
     0 | D:1      | Reached XP level 1. HP: 18/18 MP: 3/3
   366 | D:1      | Slain by a rat

Illustrated notes

Levels and vault maps discovered:
D:1:      kilobyte_arrival_exit_the_forest, layout_basic,
          shapermc_ecumenical_altar_venn, hangedman_decor_clover_reticule,
          serial_park_tiny_2, serial_park_tiny_2

Action                   || total
-------------------------++-------
Melee: Unarmed           ||    25
       Headbutt          ||     4
 Cast: Beastly Appendage ||     4
Dodge: Dodged            ||    13
